 Dungeon Crawl Stone Soup version 0.20-a0-1116-gaa52201 (webtiles) character file.

10515 Colliwobble the Basher (level 11, -1/61 HPs)
             Began as a Gargoyle Fighter on May 7, 2017.
             Was an Elder of Ru.
             Slain by an elephant (8 damage)
             ... on level 1 of the Lair of Beasts on May 9, 2017.
             The game lasted 00:26:17 (8815 turns).

Colliwobble the Basher (Gargoyle Fighter)           Turns: 8815, Time: 00:26:17

Health: -1/61      AC: 28    Str: 22    XL:     11   Next: 63%
Magic:  11/11      EV:  7    Int:  9    God:    Ru [****..]
Gold:   367        SH:  0    Dex: 10    Spells: 9/10 levels left

rFire    . . .     SeeInvis .   a - +0 dire flail
rCold    . . .     Gourm    .   (shield currently unavailable)
rNeg     + . .     Faith    .   w - +0 plate armour
rPois    ∞         Spirit   .   n - +0 helmet
rElec    +         Reflect  .   o - +0 cloak
rCorr    +         Harm     .   K - +1 pair of gloves
MR       .....                  (no boots)
Stlth    ..........             (no amulet)
Regen    0.2/turn               U - ring of resist corrosion
MPRegen  0.2/turn               (no ring)

@: about to teleport, slowed, very slow
A: negative energy resistance 1, electricity resistance, unbreathing,
petrification resistance, rot immunity, inability to use devices, unskilled 1,
AC +7
a: Draw Out Power, Power Leap, Renounce Religion


You were on level 1 of the Lair of Beasts.
You worshipped Ru.
Ru was greatly pleased with you.
You were not hungry.

You visited 3 branches of the dungeon, and saw 11 of its levels.

You collected 381 gold pieces.
You spent 14 gold pieces at shops.

Inventory:

Hand Weapons
 a - a +0 dire flail (weapon)
 b - a +0 shortbow
 B - a +0 flail
Missiles
 O - a throwing net (quivered)
 V - 115 arrows
Armour
 n - a +0 helmet (worn)
 o - a +0 cloak (worn)
 w - a +0 plate armour (worn)
 K - a +1 pair of gloves (worn)
 Q - a +0 crystal plate armour
Jewellery
 U - a ring of resist corrosion (left hand)
Wands
 z - a wand of paralysis (8/24)
 D - a wand of iceblast (0/15)
 E - a wand of iceblast (11/15)
 L - a wand of flame (37/48)
 T - a wand of confusion (23/48)
Scrolls
 g - 2 scrolls of teleportation
 h - 2 scrolls of identify
 i - 2 scrolls of fear {unknown}
 k - a scroll of enchant weapon {unknown}
 m - 2 scrolls of amnesia {unknown}
 s - a scroll of noise {unknown}
 u - 2 scrolls of fog {unknown}
 y - 3 scrolls of remove curse
 A - a scroll of summoning {unknown}
 F - a scroll of enchant armour {unknown}
 G - 3 scrolls of immolation {unknown}
 I - 4 scrolls of recharging {unknown}
 M - 3 scrolls of acquirement {unknown}
 N - a scroll of random uselessness {unknown}
 R - a scroll of magic mapping {unknown}
 W - a scroll of vulnerability {unknown}
Potions
 c - a potion of agility {unknown}
 d - a potion of mutation
 e - a potion of berserk rage
 j - 3 potions of haste
 p - a potion of magic
 r - 4 potions of curing
 v - 3 potions of resistance
 x - a potion of might
 J - a potion of experience {unknown}
 P - a potion of cancellation {unknown}
 S - a potion of flight {unknown}
Comestibles
 f - 10 bread rations
 l - a chunk of flesh
 q - 5 royal jellies
 t - 9 meat rations
 H - 2 fruits


   Skills:
 - Level 4.0 Fighting
 + Level 12.6 Maces & Flails
 - Level 11.4 Armour
   Level 3.0 Shields


You had 9 spell levels left.
You knew the following spells:

 Your Spells              Type           Power        Failure   Level  Hunger
a - Apportation           Tloc           #.....       99%         1    ##.....


Dungeon Overview and Level Annotations

Branches:
Dungeon (9/15)             Temple (1/1) D:4            Lair (1/6) D:9
    Orc: D:9-12

Altars:
Ashenzari
Cheibriados
Dithmenos
Elyvilon
Fedhas
Gozag
Hepliaklqana
Kikubaaqudgha
Makhleb
Nemelex Xobeh
Okawaru
Qazlal
Ru
Sif Muna
Trog
Uskayaw
Vehumet
Wu Jian
Xom
Yredelemnul
Zin
The Shining One

Shops:
D:4 %   D:6 *   D:7 (   D:8 ![:


Innate Abilities, Weirdness & Mutations

You are resistant to torment.
Your stone body is resilient. (AC +7)
You are immune to poison.
You resist negative energy. (rN+)
You are resistant to electric shocks. (rElec)
You can survive without breathing.
You are immune to petrification.
You are immune to rotting.
You cannot study or use magical devices.
You are somewhat unskilled. (-1 Apt)


Message History

The basilisk begins to attack, but is stunned by your will!
You hit the basilisk.
The basilisk is lightly wounded.
The elephant tramples you but does no damage.
The elephant trunk-slaps you but does no damage.
The elephant tramples you but does no damage.
The elephant completely misses you. The basilisk gazes at you.
You resist with some effort.
You closely miss the basilisk.
The basilisk is lightly wounded.
The elephant is stunned by your will and fails to attack. x2
The basilisk bites you!
* * * LOW HITPOINT WARNING * * *
As you read the scroll of teleportation, it crumbles to dust.
You feel strangely unstable. The elephant tramples you.
* * * LOW HITPOINT WARNING * * *
You stumble backwards!
The elephant tramples you!
You die...

.................... ..
.................... ...
.................^. ....
#................ #...#
##................
#....##..#...†..##......
........##..†...........
... #.....Y..............
.....##..@Y.<.............
.?...##...l...............
..........................
..............[>..........
.(.......................
...(.....................
####.#...........##.#.##
####..#.......>...#####
#.................#


You could see 2 elephants and a basilisk.

Vanquished Creatures
  3 two-headed ogres
  A death yak (D:9)
  Pikel (D:7)
  3 elephants
  A black mamba (Lair:1)
  2 spiny frogs (Lair:1)
  3 hippogriffs
  A wyvern (D:9)
  A basilisk (D:9)
  A hungry ghost (D:9)
  An orc warrior (D:5)
  2 ice beasts
  3 sky beasts
  4 ogres
  5 centaurs
  A crocodile (D:9)
  A big kobold (D:8)
  7 bullfrogs
  A wyvern skeleton (D:5)
  6 scorpions
  9 wights
  3 howler monkeys (D:8)
  An electric eel (Lair:1)
  3 crimson imps
  A bullfrog zombie (D:8)
  A hound (D:4)
  2 centaur skeletons
  2 centaur zombies
  A bullfrog skeleton (D:5)
  4 orc priests
  A jelly (D:9)
  8 orc wizards
  2 iguanas
  Natasha (thrice) (D:2)
  6 worker ants
  A killer bee zombie (D:5)
  A hound zombie (D:4)
  A hound skeleton (D:9)
  Robin (D:2)
  24 gnolls
  7 adders
  2 oozes (D:3)
  An adder zombie (D:7)
  2 adder skeletons
  4 dart slugs
  A worm (D:2)
  5 leopard geckos
  29 orcs
  7 bats
  8 giant cockroaches
  18 goblins
  12 hobgoblins
  5 quokkas
  3 ball pythons
  4 frilled lizards
  A jackal skeleton (D:7)
  14 kobolds
  7 rats
253 creatures vanquished.

Vanquished Creatures (others)
  A two-headed ogre (D:9)
  A slave (D:7)
  A bullfrog (D:8)
  A bullfrog skeleton (D:7)
  5 orcs (D:7)
  A goblin (D:7)
10 creatures vanquished.

Grand Total: 263 creatures vanquished

Notes
Turn   | Place    | Note
-------+----------+-------------------------------------------
     0 | D:1      | Colliwobble the Gargoyle Fighter began the quest for the Orb.
     0 | D:1      | Reached XP level 1. HP: 14/14 MP: 1/1
   313 | D:1      | Reached XP level 2. HP: 19/19 MP: 2/2
   428 | D:1      | Reached skill level 3 in Maces & Flails
   698 | D:2      | Noticed Robin
   787 | D:1      | Reached XP level 3. HP: 22/23 MP: 3/3
   877 | D:2      | Killed Robin
   914 | D:2      | Noticed Natasha
   927 | D:2      | Killed Natasha
   927 | D:2      | Reached skill level 4 in Maces & Flails
   927 | D:2      | Reached XP level 4. HP: 15/28 MP: 4/4
  1197 | D:2      | Found a sacrificial altar of Ru.
  1216 | D:2      | Became a worshipper of Ru the Awakened
  1257 | D:2      | Reached skill level 5 in Maces & Flails
  1257 | D:2      | Reached XP level 5. HP: 32/32 MP: 5/5
  1379 | D:2      | Noticed Natasha
  1393 | D:2      | Killed Natasha
  1894 | D:2      | Noticed Natasha
  1897 | D:2      | Killed Natasha
  1897 | D:2      | Reached skill level 6 in Maces & Flails
  1910 | D:2      | Found a shadowy altar of Dithmenos.
  1987 | D:3      | Reached XP level 6. HP: 36/37 MP: 6/6
  2720 | D:3      | Reached skill level 7 in Maces & Flails
  2734 | D:3      | Gained mutation: You are somewhat unskilled. (-1 Apt) [Ru sacrifice]
  2734 | D:3      | Reduced skill Maces & Flails to level 6
  2734 | D:3      | Reached * piety under Ru
  2734 | D:3      | Reached ** piety under Ru
  2836 | D:3      | Found an iron altar of Okawaru.
  2863 | D:3      | Reached XP level 7. HP: 38/41 MP: 7/7
  2933 | D:4      | Found a staircase to the Ecumenical Temple.
  2943 | Temple   | Entered the Ecumenical Temple
  3262 | D:4      | Found Cutynoq's Food Emporium.
  3741 | D:4      | Found a stormy altar of Qazlal.
  3790 | D:4      | Reached skill level 5 in Armour
  3822 | D:5      | Entered Level 5 of the Dungeon
  3884 | D:5      | Reached XP level 8. HP: 48/48 MP: 8/8
  4608 | D:6      | Upgraded the game from 0.20-a0-1114-g33edf32 to 0.20-a0-1116-gaa52201
  4858 | D:6      | Reached XP level 9. HP: 52/52 MP: 9/9
  4950 | D:6      | Found a snail-covered altar of Cheibriados.
  5055 | D:6      | Found Ewuthro's Serpentskin Sales.
  5221 | D:6      | Found a deep blue altar of Sif Muna.
  5261 | D:6      | Found a glowing golden altar of the Shining One.
  5350 | D:7      | Noticed Pikel
  5376 | D:7      | Killed Pikel
  5376 | D:7      | Reached skill level 10 in Armour
  5952 | D:7      | Found Vacsoi's Antique Weapon Shoppe.
  6363 | D:8      | Noticed a two-headed ogre
  6373 | D:8      | Killed a two-headed ogre
  6373 | D:8      | Reached skill level 8 in Maces & Flails
  6373 | D:8      | Reached XP level 10. HP: 40/56 MP: 10/10
  6412 | D:8      | Found Vivoodoo's Book Emporium.
  6459 | D:8      | Found an ornate altar of the Wu Jian Council.
  6706 | D:8      | Found Pecreech's Antique Armour Shop.
  6789 | D:8      | Found Qekiuw's Distillery.
  6792 | D:8      | Bought a potion of degeneration for 14 gold pieces
  7250 | D:9      | Noticed a two-headed ogre
  7260 | D:9      | Killed a two-headed ogre
  7260 | D:9      | Reached skill level 9 in Maces & Flails
  7306 | D:9      | Noticed a two-headed ogre
  7314 | D:9      | Killed a two-headed ogre
  7314 | D:9      | Reached skill level 10 in Maces & Flails
  7333 | D:9      | Noticed a death yak
  7352 | D:9      | Killed a death yak
  7621 | D:9      | Reached XP level 11. HP: 53/61 MP: 11/11
  7624 | D:9      | Found a staircase to the Lair.
  7771 | D:9      | Paralysed by fainting for 12 turns
  7790 | D:9      | Reached skill level 11 in Maces & Flails
  7805 | D:9      | Paralysed by fainting for 12 turns
  7950 | D:9      | Noticed a two-headed ogre
  7960 | D:9      | Killed a two-headed ogre
  8098 | D:9      | Gained mutation: You cannot study or use magical devices. [Ru sacrifice]
  8098 | D:9      | Reached *** piety under Ru
  8098 | D:9      | Reached **** piety under Ru
  8351 | Lair:1   | Entered Level 1 of the Lair of Beasts
  8413 | Lair:1   | Reached skill level 12 in Maces & Flails
  8585 | Lair:1   | Learned a level 1 spell: Apportation
  8815 | Lair:1   | Slain by an elephant

Vault maps used:
D:1:      evilmike_arrival_plus, hangedman_abyss_or_decor_lesser_grid
D:2:      nicolae_dithmenos_through_a_glass_darkly, lemuel_crystal_altar,
          first_bread, uniq_natasha, uniq_robin
D:3:      nicolae_overflow_crystal_walls
D:4:      nicolae_overflow_hidden_temple, minmay_temple_entry_trees,
          serial_shops, shop
D:6:      lemuel_doored_altar, tso_altar, lemuel_crystal_altar,
          guppyfry_shop_venom
D:7:      corexii_shantytown, serial_shops, shop, uniq_pikel
D:8:      serial_shops, kennysheep_mini, nicolae_shop_crystal, shop,
          grunt_ogre_cave, lemuel_statue_altar
D:9:      david_lair_generic
Temple:   regret_index_temple_generic_petals
Lair:1:   minmay_lair_oklob_tunnel, lemuel_oklob_altar, serial_bayou_shore_a

Skill      XL: |  1  2  3  4  5  6  7  8  9 10 11 |
---------------+----------------------------------+-----
Maces & Flails | 3 4 5 6 6 8 10 12 | 12.6
Fighting       | 4 |  4.0
Armour         | 5 9 11 | 11.4
Shields        | |  3.0

Action                   |  1- 3 |  4- 6 |  7- 9 | 10-12 || total
-------------------------+-------+-------+-------+-------++-------
Melee: Flail             |   114 |   258 |   270 |       ||   642
       Dire flail        |       |       |   226 |   354 ||   580
 Fire: Shortbow          |       |       |       |    12 ||    12
Throw: Stone             |       |     6 |    12 |     4 ||    22
       Throwing net      |       |       |       |     1 ||     1
Invok: Sacrifice Skill   |       |     1 |       |       ||     1
       Reject Sacrifices |       |       |     1 |       ||     1
       Sacrifice Artific |       |       |       |     1 ||     1
Evoke: Wand              |       |       |     3 |       ||     3
  Use: Potion            |     1 |       |     2 |     1 ||     4
       Scroll            |       |       |     7 |     1 ||     8
 Stab: Distracted        |       |       |     2 |       ||     2
       Held in net/web   |       |       |       |     1 ||     1
       Invisible         |       |       |       |     2 ||     2
  Eat: Chunk             |       |     6 |    13 |     9 ||    28
       Fruit             |       |       |       |     2 ||     2
       Bread ration      |       |       |       |     1 ||     1
Armor: Scale mail        |    67 |   120 |     4 |       ||   191
       Plate armour      |       |       |   294 |   254 ||   548
Dodge: Dodged            |    45 |    62 |   108 |   108 ||   323
Block: Shield            |    69 |   127 |   102 |       ||   298
